 Dungeon Crawl Stone Soup version 0.27-a0-1084-g78b3836a5f (webtiles) character file.

Game seed: 17809444682114314068

31 Alarak the Skirmisher (level 3, -3/36 HPs)
             Began as a Hill Orc Monk on Apr 26, 2021.
             Slain by an orc wizard
             ... wielding a +0 dagger
              (4 damage)
             ... on level 2 of the Dungeon.
             The game lasted 00:04:11 (2411 turns).

Alarak the Skirmisher (Hill Orc Monk)               Turns: 2411, Time: 00:04:12

Health: -3/36      AC:  3    Str: 14    XL:     3   Next: 22%
Magic:  3/3        EV: 12    Int: 10    God:
Gold:   130        SH:  0    Dex: 13    Spells: 2/2 levels left

rFire    . . .     SeeInvis .   a - +0 hand axe
rCold    . . .     Faith    .   (no shield)
rNeg     . . .     Spirit   .   i - +0 leather armour
rPois    .         Reflect  .   (no helmet)
rElec    .         Harm     .   (no cloak)
rCorr    .         Rampage  .   (no gloves)
Will     .....                  (no boots)
Stlth    +.........             (no amulet)
HPRegen  0.12/turn              (no ring)
MPRegen  0.08/turn              (no ring)

@: confused
A: no striking features
a: no special abilities


You were on level 2 of the Dungeon.
You visited 1 branch of the dungeon, and saw 3 of its levels.

You collected 130 gold pieces.

Inventory:

Hand Weapons
 a - a +0 hand axe (weapon)
 m - a +0 spear
Armour
 b - a +0 robe
 i - a +0 leather armour (worn)
Scrolls
 c - a scroll of teleportation
 j - a scroll of blinking {unknown}
 l - a scroll of magic mapping {unknown}
Potions
 d - a potion of lignification
 e - a potion of attraction {unknown}
 f - a potion of mutation {unknown}
 g - a potion of curing {unknown}
 h - 2 potions of resistance {unknown}
 k - a potion of heal wounds {unknown}


   Skills:
 - Level 5.0 Fighting
 - Level 4.0 Axes
 + Level 0.5 Armour
 - Level 2.4 Dodging
 - Level 1.5 Stealth


You had 2 spell levels left.
You didn't know any spells.
Your spell library contained the following spells:

 Spells                   Type           Power      Damage    Failure   Level
 Beastly Appendage        Tmut           0%         N/A       43%         1
 Wereblood                Tmut           0%         N/A       58%         2
 Spider Form              Tmut/Pois      0%         N/A       82%         3
 Ice Form                 Ice/Tmut       0%         N/A       99%         4
 Hydra Form               Tmut           0%         N/A       100%        5


Dungeon Overview and Level Annotations

Branches:
Dungeon (3/15)

Altars:


Message History

Reactivating autopickup.
There is a stone staircase leading down here.
You are too confused!
You hit the orc wizard but do no damage.
The orc wizard is lightly wounded.
You miss the orc. You closely miss the orc wizard. You miss something.
The orc wizard hits you with a +0 dagger.
The orc barely misses you. Something hits you.
Deactivating autopickup; reactivate with Ctrl-A.
The orc wizard casts a spell at itself.
The orc wizard flickers and vanishes!
You bump into the rock wall.
The orc wizard points at you and mumbles some strange words.
The magic dart hits you!
* * * LOW HITPOINT WARNING * * *
The orc hits you but does no damage.
Something hits you but does no damage. x2
You hit the orc but do no damage. You hit the orc wizard.
You closely miss something. You hit something.
You feel less confused.
The orc wizard hits you with a +0 dagger.
* * * LOW HITPOINT WARNING * * *
The orc barely misses you. Something hits you.
* * * LOW HITPOINT WARNING * * *
You hear some strange, mumbled words.
You are confused.
You hit the orc.
The orc is almost dead.
You hit the orc wizard. You miss something. You hit something.
The orc wizard hits you with a +0 dagger.
* * * LOW HITPOINT WARNING * * *
The orc hits you with a +0 club.
* * * LOW HITPOINT WARNING * * *
Something hits you.
* * * LOW HITPOINT WARNING * * *
Something hits you.
* * * LOW HITPOINT WARNING * * *
You're too confused to move!
The orc wizard hits you but does no damage.
The orc closely misses you. Something hits you.
You die...

##..............#.
#...............'.
#...............#.
#...............#.
##.###############.
#....# #. #....# #.
#.{o.#############.
#{@.........)......
###o################
#...# #.............
#.#####.##########..
#....##.# #..
#....##.# #..
#....##'######## ###
#....#.........#
#.(..'.........#


You could see an orc wizard and an orc.

Vanquished Creatures
  A worm (D:2)
  2 endoplasms
  3 giant cockroaches
  5 goblins
  3 hobgoblins
  4 quokkas (D:1)
  2 bats
  A frilled lizard (D:2)
  A kobold (D:1)
  A rat (D:2)
23 creatures vanquished.

Notes
Turn   | Place    | Note
-------+----------+-------------------------------------------
     0 | D:1      | Alarak the Hill Orc Monk began the quest for the Orb.
     0 | D:1      | Reached XP level 1. HP: 19/19 MP: 1/1
    92 | D:1      | Reached skill level 4 in Fighting
   452 | D:1      | Reached XP level 2. HP: 5/27 MP: 2/2
  1699 | D:2      | Found a faded altar of an unknown god.
  1799 | D:2      | Reached skill level 5 in Fighting
  1799 | D:2      | Reached XP level 3. HP: 5/36 MP: 3/3
  2266 | D:2      | Found Tewutsor's Distillery.
  2410 | D:2      | HP: 1/36 [something (1)]
  2411 | D:2      | Slain by an orc wizard

Illustrated notes

Levels and vault maps discovered:
D:1:      dpeg_arrival_rooms_with_view, layout_basic
D:2:      layout_basic, hellmonk_ecumenical_altar_pennies_from_heaven,
          serial_shops, nicolae_shop_window_shopping
D:3:      wander_river, layout_loops_ring, serial_shops, shop,
          nicolae_shop_crystal, shop, minmay_misc_feat_four_crosses

Skill      XL: |  1  2 |
---------------+-------+-----
Fighting       | 4 5 |  5.0
Axes           | |  4.0
Armour         | |  0.5
Dodging        | |  2.4
Stealth        | |  1.5

Action                   || total
-------------------------++-------
Melee: Hand axe          ||   119
  Use: Scroll            ||     3
 Stab: Sleeping          ||     7
Armor: Robe              ||     8
       Leather armour    ||    13
Dodge: Dodged            ||    73

Table legend: (Time is in decaauts)
 A = Elapsed time spent in this place.
 B = Non-inter-level travel time spent in this place.
 C = Inter-level travel time spent in this place.
 D = Time resting spent in this place.
 E = Time spent auto-exploring this place.
 F = Levels seen in this place.
 G = Mean time per level.
                   A        B        C        D        E       F      G
               +--------+--------+--------+--------+--------+-----+--------+
         Total |   2424 |   2300 |    124 |    818 |   1230 |   3 |  808.0 |
       Dungeon |   2424 |   2300 |    124 |    818 |   1230 |   3 |  808.0 |
               +--------+--------+--------+--------+--------+-----+--------+

Top non-repeatable levels by time:
     D:1: 1605 daAuts
     D:2: 814 daAuts
     D:3: 4 daAuts
